 Dungeon Crawl Stone Soup version 0.28.0 (webtiles) character file.

Game seed: 11184309737097523450

250 issech the Cudgeller (level 5, -8/53 HPs)
             Began as a Troll Monk on Feb 19, 2022.
             Killed by divine providence
             ... invoked by an orc priest
              (11 damage)
             ... on level 4 of the Dungeon.
             The game lasted 00:09:08 (2874 turns).

issech the Cudgeller (Troll Monk)                   Turns: 2874, Time: 00:09:09

Health: -8/53      AC:  5    Str: 19    XL:     5   Next: 88%
Magic:  4/4        EV: 10    Int:  6    God:
Gold:   94         SH:  0    Dex: 14    Spells: 4/4 levels left

rFire   . . .      SeeInvis .   r - +0 flail
rCold   . . .      Faith    .   (no shield)
rNeg    . . .      Spirit   .   b - +0 robe
rPois   .          Reflect  .   (helmet restricted)
rElec   .          Harm     .   c - +0 cloak
rCorr   .          Rampage  .   (gloves unavailable)
Will    .....                   (boots unavailable)
Stlth   +.........              (no amulet)
HPRegen 0.97/turn               (no ring)
MPRegen 0.09/turn               (no ring)

@: confused
A: large, unfitting armour, claws 3, regeneration 1, shaggy fur 1, tough skin 1
a: no special abilities


You were on level 4 of the Dungeon.
You visited 1 branch of the dungeon, and saw 4 of its levels.

You collected 94 gold pieces.

Inventory:

Hand Weapons
 a - a +0 mace
 k - a +1 dagger of venom
 r - a +0 flail (weapon)
Missiles
 e - 42 sling bullets
 g - 3 large rocks (quivered)
 i - 45 stones
 j - 2 javelins
 p - 14 arrows
 q - a throwing net
 u - 3 poisoned darts
Armour
 b - a +0 robe (worn)
 c - a +0 cloak (worn)
Magical Staves
 x - a staff of air
Scrolls
 d - 2 scrolls of immolation {unknown}
 m - a scroll of brand weapon {unknown}
 n - 6 scrolls of identify {unknown}
 o - 2 scrolls of magic mapping {unknown}
 s - a scroll of noise {unknown}
 t - a scroll of acquirement {unknown}
 w - 2 scrolls of enchant armour {unknown}
Potions
 f - 3 potions of curing {unknown}
 h - a potion of magic {unknown}
 l - 3 potions of heal wounds {unknown}
 v - a potion of cancellation {unknown}


   Skills:
 + Level 3.1 Fighting
 + Level 4.8 Maces & Flails
 + Level 3.1 Dodging
 + Level 1.3 Stealth


You had 4 spell levels left.
You didn't know any spells.
Your spell library contained the following spells:

 Spells                   Type           Power      Damage    Failure   Level
 Corpse Rot               Necr/Air       0%         N/A       58%         2
 Dazzling Flash           Conj/Hex       0%         N/A       83%         3
 Dispel Undead            Necr           0%         3d6       99%         4
 Iskenderun's Mystic Bla  Conj/Tloc      0%         2d3       99%         4
 Death Channel            Necr           0%         N/A       100%        6
 Starburst                Conj/Fire      0%         6d3       100%        6


Dungeon Overview and Level Annotations

Branches:
Dungeon (4/15)
 Temple: D:4-7

Altars:


Innate Abilities, Weirdness & Mutations

You are too large for most types of armour.
You have claws for hands.
Your natural rate of healing is unusually fast.
You are covered in fur. (AC +1)
You have tough skin. (AC +1)


Message History

The orc priest calls down the wrath of Beogh upon you.
Beogh smites you! Something hits you.
You closely miss something. Something hits you.
The orc priest barely misses you. Something hits you but does no damage.
You hear some strange, mumbled words.
You are confused.
You miss something. The orc priest barely misses you.
Something hits you but does no damage.
You hear some strange, mumbled words.
You are more confused.
The orc priest barely misses you.
You bump into the stone wall.
You hear some strange, mumbled words.
A magic dart appears from out of thin air!
The magic dart hits you.
* * * LOW HITPOINT WARNING * * *
You hear some strange, mumbled words.
A magic dart appears from out of thin air!
The magic dart hits you.
* * * LOW HITPOINT WARNING * * *
The orc priest misses you.
You bump into the stone wall.
Something hits you but does no damage.
You hear some strange, mumbled words.
A magic dart appears from out of thin air!
The magic dart hits you.
* * * LOW HITPOINT WARNING * * *
The orc priest mumbles some strange prayers to Beogh against you.
Pain shoots through your body!
* * * LOW HITPOINT WARNING * * *
You thump something!
Reactivating autopickup.
You feel a bit more experienced. Something hits you but does no damage.
Deactivating autopickup; reactivate with Ctrl-A.
The orc priest hits you with a +0 dagger.
* * * LOW HITPOINT WARNING * * *
Something hits you but does no damage.
Items here: ))) [[[ †.
The orc priest mumbles some strange prayers to Beogh against you.
Beogh smites you!
You die...

.♣♣### ..##...#
#...........## )....#
####....# ##..#.#....##
.♣♣#.###....##.##
#.##........ .♣
#.......###..#######..#.#####
.# #.......#...........#####
.#.........#.##.########...#.
.............##.####.....8...
##.........####.##oo...#
#.........# #.@).#...#
#......[.## #..###....#
#########.# #.#....[.....#
#.#.######....### ... #.....#
... #....... ##.. .....##. #.


You could see an orc priest and an orc.

Vanquished Creatures
  A jelly (D:4)
  An iguana (D:2)
  An orc wizard (D:4)
  4 adders
  6 gnolls
  5 orcs
  5 bats
  11 endoplasms
  4 giant cockroaches
  5 hobgoblins
  6 jackals
  7 kobolds
  2 quokkas
  7 ball pythons
  2 frilled lizards (D:3)
  4 goblins
  10 rats
81 creatures vanquished.

Notes
Turn   | Place    | Note
-------+----------+-------------------------------------------
     0 | D:1      | issech the Troll Monk began the quest for the Orb.
     0 | D:1      | Reached XP level 1. HP: 22/22 MP: 0/0
   182 | D:1      | Reached XP level 2. HP: 27/29 MP: 1/1
   438 | D:1      | Reached skill level 3 in Maces & Flails
   757 | D:1      | Reached XP level 3. HP: 36/36 MP: 2/2
  1088 | D:2      | Found a faded altar of an unknown god.
  1120 | D:2      | Reached XP level 4. HP: 43/44 MP: 3/3
  1760 | D:2      | Reached skill level 4 in Maces & Flails
  1760 | D:2      | Reached XP level 5. HP: 33/53 MP: 4/4
  2871 | D:4      | HP: 2/53 [orc priest/nerve-wracking pain (4)]
  2874 | D:4      | Killed from afar by an orc priest

Illustrated notes

Levels and vault maps discovered:
D:1:      evilmike_arrival_plus, layout_loops_corners
D:2:      layout_basic, shapermc_ecumenical_altar_totnotflames
D:3:      layout_loops_corners
D:4:      layout_rooms, gammafunk_temple_overflow_arena,
          minmay_temple_entry_antechambers, serial_shops, shop,
          minmay_tree_intersection, dk_vineyard_1, hex_intersection

Skill      XL: |  1  2  3  4 |
---------------+-------------+-----
Maces & Flails | 3 4 |  4.8
Fighting       | 3 |  3.1
Dodging        | 3 |  3.1
Stealth        | |  1.3

Action                   |  1- 3 |  4- 6 || total
-------------------------+-------+-------++-------
Melee: Mace              |    86 |    64 ||   150
       Flail             |       |    89 ||    89
Throw: Large rock        |       |     1 ||     1
 Stab: Sleeping          |     3 |     2 ||     5
Armor: Robe              |    35 |    55 ||    90
Dodge: Dodged            |    43 |   104 ||   147
